 Dungeon Crawl Stone Soup version 0.28.0-45-g0d030f2227 (webtiles) character file.

Game seed: 18282234890158497439

102 pkoi the Charlatan (level 4, -10/36 HPs)
             Began as a Demigod Artificer on Apr 11, 2022.
             Killed by divine providence
             ... invoked by an orc priest
              (12 damage)
             ... on level 3 of the Dungeon.
             The game lasted 00:03:17 (3963 turns).

pkoi the Charlatan (Demigod Artificer)              Turns: 3963, Time: 00:03:18

Health: -10/36     AC:  4    Str: 13    XL:     4   Next: 26%
Magic:  6/6        EV: 11    Int: 17    God:
Gold:   62         SH:  0    Dex: 14    Spells: 3/3 levels left

rFire   . . .      SeeInvis .   f - +0 dagger
rCold   . . .      Faith    .   (no shield)
rNeg    . . .      Spirit   .   b - +1 leather armour
rPois   .          Reflect  .   (no helmet)
rElec   .          Harm     .   (no cloak)
rCorr   .          Rampage  .   (no gloves)
Will    .....                   (no boots)
Stlth   +.........              (no amulet)
HPRegen 0.12/turn               (no ring)
MPRegen 0.10/turn               (no ring)

@: no status effects
A: high MP 1, forlorn, divine attributes
a: no special abilities


You were on level 3 of the Dungeon.
You visited 1 branch of the dungeon, and saw 3 of its levels.

You collected 62 gold pieces.

Inventory:

Hand Weapons
 a - a +0 club
 f - a +0 dagger (weapon)
Missiles
 j - 5 poisoned darts
Armour
 b - a +1 leather armour (worn)
Wands
 c - a wand of flame (7) (quivered)
 d - a wand of charming (11)
Scrolls
 g - a scroll of identify {unknown}
 h - a scroll of summoning {unknown}
 i - a scroll of amnesia {unknown}
Potions
 k - a potion of haste
Miscellaneous
 e - a piece from Xom's chessboard (14/15)


   Skills:
 + Level 1.7 Fighting
 - Level 1.7 Armour
 + Level 1.6 Dodging
 - Level 0.8 Stealth
 + Level 1.2 Unarmed Combat
 * Level 4.0 Evocations


You had 3 spell levels left.
You didn't know any spells.
Your spell library was empty.

Dungeon Overview and Level Annotations

Branches:
Dungeon (3/15)

Annotations:
D:2 1 runed translucent door, Crazy Yiuf


Innate Abilities, Weirdness & Mutations

You have an increased reservoir of magic. (+10% MP)
You shall have no god before yourself.
Your divine heritage dramatically boosts your attributes as you level up.


Message History

You closely miss the ball python.
The ball python is moderately wounded.
The ball python bites you but does no damage.
The ball python constricts you. The ball python barely misses you.
The ball python constricts you.
You barely miss the ball python.
The ball python is moderately wounded.
The ball python barely misses you. The ball python constricts you.
You hit the ball python.
The ball python is severely wounded.
The ball python bites you but does no damage.
The ball python constricts you.
You completely miss the ball python.
The ball python is severely wounded.
The ball python bites you. The ball python constricts you.
You hit the ball python but do no damage.
The ball python is severely wounded.
The ball python bites you but does no damage.
The ball python constricts you.
You hit the ball python.
You kill the ball python!
You start resting.
HP restored.
Things that are here:
5 stones; a +0 dagger; a kobold corpse An orc priest comes into view.
It is wielding a +0 club.
An orc priest is nearby!
The orc priest invokes the aid of Beogh against you.
Beogh smites you!
* * * LOW HITPOINT WARNING * * *
The orc priest calls down the wrath of Beogh upon you.
Beogh smites you!
* * * LOW HITPOINT WARNING * * *
The orc priest calls down the wrath of Beogh upon you.
Beogh smites you!
* * * LOW HITPOINT WARNING * * *
There is a stone staircase leading up, spattered with blood here.
The orc priest invokes the aid of Beogh against you.
Beogh smites you!
You die...

##............#
##.............##
#............o..#
#...............#
#...............#
#.........(.....# .
#...............# ...
#...............###.....
##............@.........
##.....#......#####....
########.#...# . #...###
#...## ..... ..... ....


You could see an orc priest.

Vanquished Creatures
  Terence (D:2)
  2 adders
  A shadow imp (D:3)
  A worm (D:2)
  An orc (D:2)
  4 ball pythons
  An endoplasm (D:2)
  A giant cockroach (D:2)
  A goblin (D:1)
  10 hobgoblins
  5 kobolds
  2 quokkas (D:2)
  8 bats
  3 frilled lizards (D:2)
  7 rats
48 creatures vanquished.

Vanquished Creatures (others)
  A goblin (D:2)
  A hobgoblin (D:1)
  A ball python (D:2)
  A kobold (D:1)
4 creatures vanquished.

Grand Total: 52 creatures vanquished

Notes
Turn   | Place    | Note
-------+----------+-------------------------------------------
     0 | D:1      | pkoi the Demigod Artificer began the quest for the Orb.
     0 | D:1      | Reached XP level 1. HP: 15/15 MP: 3/3
   258 | D:1      | Reached skill level 3 in Evocations
   713 | D:1      | Reached XP level 2. HP: 14/22 MP: 4/4
  1235 | D:2      | Reached skill level 1 in Fighting
  1235 | D:2      | Reached skill level 1 in Dodging
  1579 | D:2      | You fall into a shaft and drop 1 floor!
  1589 | D:3      | Reached XP level 3. HP: 28/28 MP: 5/5
  2364 | D:2      | Noticed Terence
  2391 | D:2      | Killed Terence
  2392 | D:2      | Reached skill level 1 in Unarmed Combat
  2392 | D:2      | Reached XP level 4. HP: 14/35 MP: 6/6
  3296 | D:2      | Found a runed translucent door.
  3297 | D:2      | Noticed Crazy Yiuf
  3769 | D:3      | Reached skill level 4 in Evocations
  3962 | D:3      | HP: 1/36 [orc priest/divine providence (13)]
  3963 | D:3      | Killed from afar by an orc priest

Illustrated notes

Levels and vault maps discovered:
D:1:      minmay_arrival_diagonal_passages, layout_basic,
          hellmonk_ecumenical_altar_pennies_from_heaven, serial_corexii_hall,
          chequers_hall_statues_corner_a, corexii_hall_statues_u,
          chequers_hall_statues_corner_a, corexii_hall_statues_i,
          minmay_tromino_mix6
D:2:      layout_basic, uniq_terence, uniq_crazy_yiuf_cottage
D:3:      layout_rooms, okawaru_gym_becter, hangedman_ru_absence

Skill      XL: |  1  2  3  4 |
---------------+-------------+-----
Evocations     | 3 4 |  4.0
Fighting       | 1 |  1.7
Dodging        | 1 |  1.6
Unarmed Combat | 1 |  1.2
Armour         | |  1.7
Stealth        | |  0.8

Action                   |  1- 3 |  4- 6 || total
-------------------------+-------+-------++-------
Melee: Dagger            |   181 |    66 ||   247
       Club              |     6 |       ||     6
       Punch             |     4 |     2 ||     6
Evoke: Wand              |     7 |     5 ||    12
       Piece from Xom's  |     3 |       ||     3
  Use: Scroll            |     2 |       ||     2
       Potion            |     2 |       ||     2
 Stab: Sleeping          |     3 |       ||     3
Armor: Leather armour    |    70 |    19 ||    89
Dodge: Dodged            |   113 |    46 ||   159
